 Dungeon Crawl Stone Soup version 0.26-a0-812-g31a745ddcd (webtiles) character file.

Game seed: 537760984033197435

1032 Dracia the Destroyer (level 8, -1/57 HPs)
             Began as a Black Draconian Conjurer on Dec 9, 2020.
             Was a Follower of Vehumet.
             Slain by a wight
             ... wielding a +5 halberd
              (13 damage)
             ... on level 6 of the Dungeon.
             The game lasted 00:11:10 (7290 turns).

Dracia the Destroyer (Black Draconian Conjurer)     Turns: 7290, Time: 00:11:11

Health: -1/57      AC:  6    Str: 10    XL:     8   Next: 3%
Magic:  15/15      EV: 11    Int: 21    God:    Vehumet [*.....]
Gold:   560        SH:  0    Dex:  9    Spells: 7/17 levels left

rFire    . . .     SeeInvis .   l - +2 hand axe (distort)
rCold    + . .     Faith    .   (no shield)
rNeg     . . .     Spirit   .   (armour unavailable)
rPois    .         Reflect  .   (helmet restricted)
rElec    +         Harm     .   (no cloak)
rCorr    .         Rampage  .   (no gloves)
MR       +....                  (no boots)
Stlth    +.........             (no amulet)
HPRegen  0.19/turn              Z - ring of wizardry
MPRegen  0.14/turn              C - ring of protection from cold

@: heavily drained
A: breathe lightning, unfitting armour, magic resistance 1, mutation resistance
1, electricity resistance, wild magic 1, cold-blooded, AC +6
a: Breathe Lightning, Renounce Religion


You were on level 6 of the Dungeon.
You worshipped Vehumet.
Vehumet was aware of your devotion.
You visited 2 branches of the dungeon, and saw 7 of its levels.
You also visited: Ossuary.

You collected 560 gold pieces.


Innate Abilities, Weirdness & Mutations

You can breathe wild blasts of lightning.
Your glossy black scales are hard. (AC +6)
You cannot fit into any form of body armour.
You are resistant to electric shocks. (rElec)
You are cold-blooded and may be slowed by cold attacks.
You are resistant to hostile enchantments. (MR+)
You are somewhat resistant to further mutation.
Your spells are a little harder to cast, but a little more powerful.


   Skills:
 - Level 1.7(0.0) Dodging
 - Level 1.7(0.0) Stealth
 + Level 5.2(3.1) Spellcasting
 * Level 8.7(6.3) Conjurations


You had 7 spell levels left.
You knew the following spells:

 Your Spells              Type           Power        Failure   Level
d - Dazzling Flash        Conj/Hex       ###...       6%          3
f - Fulminant Prism       Conj/Hex       ###.......   19%         4
s - Searing Ray           Conj           #####.       1%          2
z - Magic Dart            Conj           ####         1%          1

Your spell library contained the following spells:

 Spells                   Type           Power        Failure   Level
 Foxfire                  Conj/Fire      ###.         2%          1
 Iskenderun's Mystic Bla  Conj/Tloc      ###.....     19%         4

Inventory:

Hand Weapons
 c - a +0 club
 f - a +1 dagger of speed
 l - a +2 hand axe of distortion (weapon)
Missiles
 n - 20 poisoned darts (quivered)
 q - 5 curare-tipped darts {=f=f}
 y - 3 atropa-tipped darts
Jewellery
 j - a cursed -4 ring of dexterity
 C - a ring of protection from cold (right hand)
 F - an uncursed ring of fire
 Z - a ring of wizardry (left hand)
Wands
 t - a wand of disintegration (14)
 E - a wand of iceblast (3)
Scrolls
 g - 2 scrolls of enchant armour
 i - a scroll of fear
 p - a scroll of teleportation {@r4@r4}
 u - 4 scrolls of remove curse {unknown}
 w - a scroll of noise {unknown}
 B - 3 scrolls of identify {@r1@r1}
Potions
 a - 4 potions of might
 b - a potion of invisibility {unknown}
 d - a potion of lignification {unknown}
 e - 3 potions of curing {unknown}
 h - 2 potions of haste {unknown}
 k - 4 potions of brilliance
 m - 2 potions of resistance {unknown}
 o - 2 potions of ambrosia
 r - 4 potions of flight {unknown}
 s - a potion of magic {unknown}
 v - 3 potions of degeneration
 x - a potion of attraction {unknown}
 z - a potion of mutation
 A - a potion of cancellation {unknown}
Miscellaneous
 D - a phantom mirror

Dungeon Overview and Level Annotations

Branches:
Dungeon (6/15)             Temple (1/1) D:4         Ossuary (visited)

Altars:
Cheibriados
Gozag
Nemelex Xobeh
Okawaru
Uskayaw
Vehumet

Annotations:
D:4 3 runed translucent doors, Danir's ghost, amateur DsFi
Abyss:1 Crazy Yiuf

##..### ##
#.## ..# #.#
#..# #.#
#...# ##.#
#...# #..#
#...# #.##
#...###.#
##.z.@..#
.......)z..##
.....######.#
.... #.# ...
##. .. .. .
#.# #. ..


You could see 2 wights.


Message History

You feel less invigorated.
You feel less confused.
The wight hits you from afar with a +5 halberd!
You feel drained.
* * * LOW HITPOINT WARNING * * *
The wight misses you.
You barely miss the wight.
The wight hits you from afar with a +5 halberd.
* * * LOW HITPOINT WARNING * * *
You feel drained.
* * * LOW HITPOINT WARNING * * *
The wight hits you with a +2 hand axe of freezing.
* * * LOW HITPOINT WARNING * * *
You feel drained.
* * * LOW HITPOINT WARNING * * *
You hit the wight.
The wight is lightly damaged.
The wight hits you with a +2 hand axe of freezing.
* * * LOW HITPOINT WARNING * * *
You feel drained. The wight freezes you.
* * * LOW HITPOINT WARNING * * *
The wight hits you from afar with a +5 halberd.
* * * LOW HITPOINT WARNING * * *
You feel drained.
It was a potion of mutation.
You feel extremely strange.
You feel resistant to hostile enchantments.
You feel genetically stable.
You feel less in control of your magic.
You have got your breath back.
The wight hits you from afar with a +5 halberd!
You die...

Skill      XL: |  1  2  3  4  5  6  7 |
---------------+----------------------+-----
Conjurations   | 5 6 7 8 |  8.7
Spellcasting   | 3 4 5 |  5.2
Dodging        | |  1.7
Stealth        | |  1.7

Action                   |  1- 3 |  4- 6 |  7- 9 || total
-------------------------+-------+-------+-------++-------
Melee: Unarmed           |    12 |       |       ||    12
       Club              |    14 |       |       ||    14
       Tailslap          |     5 |     8 |     7 ||    20
       Dagger            |    17 |     4 |       ||    21
       Hand axe          |       |   134 |   112 ||   246
 Cast: Magic Dart        |    31 |    14 |    35 ||    80
       Searing Ray       |       |     2 |     3 ||     5
 Abil: Breathe Lightning |       |       |     1 ||     1
  Use: Scroll            |       |     6 |     6 ||    12
       Potion            |       |       |     2 ||     2
 Stab: Sleeping          |     1 |     1 |       ||     2
Armor: Skin              |    14 |    40 |    28 ||    82
Dodge: Dodged            |    30 |    90 |    81 ||   201

Levels and vault maps discovered:
D:1:      dpeg_chamrin_arrival_tetris, layout_basic
D:2:      layout_loops_cross, minmay_stone_trees_medium, serial_park_tiny_2,
          nrook_campfire, uniq_jessica
D:3:      layout_basic
D:4:      layout_cave_pools, nicolae_gozag_seed_capital,
          minmay_temple_entry_junction, gammafunk_ghost_split,
          minmay_misc_feat_tiny, uniq_crazy_yiuf_cottage
D:5:      minmay_octagon_keep, layout_rooms, kennysheep_slug_shrine,
          nicolae_ossuary_entry_plus, minmay_misc_feat_rugged
D:6:      layout_cave_pods, kennysheep_mini, serial_shops, shop_fountains,
          uniq_duvessa
Temple:   eino_wide_crystal_templ

Notes
Turn   | Place    | Note
-------+----------+-------------------------------------------
     0 | D:1      | Dracia the Draconian Conjurer began the quest for the Orb.
     0 | D:1      | Reached XP level 1. HP: 14/14 MP: 3/3
   376 | D:1      | Reached XP level 2. HP: 14/20 MP: 0/5
  1102 | D:1      | Learned a level 2 spell: Searing Ray
  1365 | D:2      | Noticed Jessica
  1369 | D:2      | Killed Jessica
  1369 | D:2      | Reached XP level 3. HP: 26/26 MP: 1/7
  1457 | D:2      | Reached skill level 5 in Conjurations
  1490 | D:2      | Reached XP level 4. HP: 33/33 MP: 3/8
  1558 | D:2      | Learned a level 3 spell: Dazzling Flash
  1860 | D:2      | Reached skill level 3 in Spellcasting
  2430 | D:3      | Reached XP level 5. HP: 38/38 MP: 9/9
  2728 | D:3      | Learned a level 4 spell: Fulminant Prism
  3508 | D:4      | Found a runed translucent gate.
  3508 | D:4      | Found a runed translucent gate.
  3508 | D:4      | Found a runed translucent gate.
  3510 | D:4      | Noticed Danir's ghost (amateur DsFi)
  3518 | D:4      | Reached skill level 6 in Conjurations
  3594 | D:4      | Reached XP level 6. HP: 32/45 MP: 11/11
  3823 | D:4      | Found a staircase to the Ecumenical Temple.
  3988 | D:4      | Found an opulent altar of Gozag.
  4275 | D:4      | Found a runed translucent door.
  4276 | D:4      | Noticed Crazy Yiuf
  4337 | D:4      | Reached skill level 4 in Spellcasting
  4521 | Temple   | Entered the Ecumenical Temple
  4527 | Temple   | Became a worshipper of Vehumet
  4572 | D:4      | Banished Crazy Yiuf
  4775 | D:5      | Entered Level 5 of the Dungeon
  4796 | D:5      | Reached skill level 7 in Conjurations
  4819 | D:5      | Noticed an ice beast
  4834 | D:5      | Killed an ice beast
  4834 | D:5      | Your scales start taking on a glossy black colour.
  4834 | D:5      | Reached XP level 7. HP: 19/50 MP: 11/13
  4834 | D:5      | Gained mutation: You are resistant to electric shocks.
                  | (rElec) [Black Draconian growth]
  5168 | D:5      | Found a sand-covered staircase.
  5174 | Ossuary  | Entered an ossuary
  5326 | Ossuary  | Reached * piety under Vehumet
  5326 | Ossuary  | Offered knowledge of Foxfire by Vehumet.
  5999 | D:5      | Reached skill level 8 in Conjurations
  6139 | D:5      | Found a snail-covered altar of Cheibriados.
  6435 | D:5      | Reached skill level 5 in Spellcasting
  6797 | D:6      | Found a sparkling altar of Nemelex Xobeh.
  7280 | D:6      | HP: 5/50 [wight/+5 halberd (17)]
  7282 | D:6      | Reached XP level 8. HP: 12/57 MP: 15/15
  7290 | D:6      | Gained mutation: You are resistant to hostile enchantments.
                  | (MR+) [potion of mutation]
  7290 | D:6      | Gained mutation: You are somewhat resistant to further
                  | mutation. [potion of mutation]
  7290 | D:6      | Gained mutation: Your spells are a little harder to cast,
                  | but a little more powerful. [potion of mutation]
  7290 | D:6      | Slain by a wight

Vanquished Creatures
  An ice beast (D:5)
  2 scorpions
  2 wights (D:6)
  A howler monkey (D:5)
  4 hounds
  2 orc wizards
  Jessica (D:2)
  4 worker ants
  8 mummies (Ossuary)
  6 gnolls
  8 adders
  3 oozes
  An adder zombie (D:5)
  3 leopard geckos
  11 orcs
  7 bats
  3 giant cockroaches
  6 goblins
  7 hobgoblins
  6 jackals
  3 quokkas
  A ball python (D:3)
  2 frilled lizards
  2 hobgoblin zombies (Ossuary)
  4 kobolds
  3 kobold zombies (Ossuary)
  2 orc zombies (Ossuary)
  A quokka skeleton (D:4)
  6 rats
110 creatures vanquished.

Table legend: (Time is in decaauts)
 A = Elapsed time spent in this place.
 B = Non-inter-level travel time spent in this place.
 C = Inter-level travel time spent in this place.
 D = Time resting spent in this place.
 E = Time spent auto-exploring this place.
 F = Levels seen in this place.
 G = Mean time per level.
                   A        B        C        D        E       F      G
               +--------+--------+--------+--------+--------+-----+--------+
         Total |   7359 |   7012 |    347 |   1138 |   4938 |   8 |  919.9 |
       Dungeon |   6609 |   6262 |    347 |    786 |   4673 |   6 | 1101.5 |
        Temple |     12 |     12 |      0 |      0 |      2 |   1 |   12.0 |
       Ossuary |    736 |    736 |      0 |    352 |    263 |   1 |  736.0 |
               +--------+--------+--------+--------+--------+-----+--------+

Top non-repeatable levels by time:
     D:1: 1288 daAuts
     D:4: 1273 daAuts
     D:5: 1191 daAuts
     D:2: 1134 daAuts
     D:3: 1093 daAuts
 Ossuary: 736 daAuts
     D:6: 628 daAuts
  Temple: 12 daAuts

Table legend:
 A = Non-vault XP
 B = Vault XP
 C = Vault XP percentage of total XP
 D = Non-vault monster count
 E = Vault monster count
 F = Vault count percentage of total count
                 A         B        C        D         E       F
            +---------+---------+-------+---------+---------+-------
      Total |    1110 |     365 |  24.7 |      99 |      24 |  19.5
            +---------+---------+-------+---------+---------+-------
        D:1 |      33 |       0 |   0.0 |      13 |       0 |   0.0
        D:2 |     121 |      37 |  23.4 |      31 |       1 |   3.1
        D:3 |      74 |       0 |   0.0 |      12 |       0 |   0.0
        D:4 |     288 |      40 |  12.2 |      18 |       1 |   5.3
        D:5 |     383 |     136 |  26.2 |      17 |       6 |  26.1
        D:6 |     211 |       0 |   0.0 |       8 |       0 |   0.0
    Ossuary |       0 |     152 | 100.0 |       0 |      16 | 100.0
            +---------+---------+-------+---------+---------+-------
